Map: Thunderbird LE

Players

BlyOnFire (Bly)

  • Race: Zerg Zerg
  • Spawn Location: 11:00

GogojOey - Winner!

  • Race: Zerg Zerg
  • Spawn Location: 5:00

Event: NationWars 2019

VOD

Have the link to the VOD?

Description

Time

  • Played on: Oct. 3, 2019, 2:30 p.m.
  • Length: 13:22

All games in this series

Show
View Real Time Build Order
Export as new Build Order

BlyOnFire Zerg 

Build Orders: Hatch First, Roach Nydus 

Get SALT Encoding   

  12  0:01  Drone  
  13  0:13  Overlord  
  13  0:18  Drone  
  14  0:32  Drone x2  
  16  0:48  Hatchery  
  15  0:51  Drone  
  16  1:05  Spawning Pool  
  16  1:08  Drone  
  16  1:11  Extractor  
  16  1:13  Drone  
  16  1:17  Drone  
  17  1:20  Drone  
  18  1:30  Drone  
  19  1:45  Overlord  
  19  1:53  Queen  
  21  1:55  Zergling x2  
  21  2:00  Queen  
  25  2:01  Drone  
  25  2:03  Zergling x2  
  26  2:15  Drone x2  
  28  2:23  Drone  
  28  2:26  Drone  
  30  2:34  Lair, Drone  
  30  2:36  Queen  
  33  2:42  Overlord  
  33  2:48  Drone x2  
  35  2:54  Drone  
  36  3:01  Drone x3  
  39  3:06  Drone  
  39  3:07  Drone  
  39  3:08  Extractor  
  39  3:12  Evolution Chamber  
  38  3:19  Roach Warren  
  37  3:20  Drone x4  
  37  3:21  Drone  
  42  3:29  Drone  
  42  3:30  Extractor  
  42  3:36  Drone  
  42  3:37  Drone  
  42  3:39  Drone  
  44  3:45  Zerg Missile Weapons Level 1  
  44  3:50  Evolution Chamber  
  44  3:52  Drone  
  44  3:56  Overlord  
  44  3:58  Overlord  
  44  4:01  Glial Reconstitution  
  44  4:10  Overlord  
  44  4:13  Overlord  
  44  4:17  Drone x5  
  46  4:23  Drone x4  
  53  4:26  Extractor  
  53  4:27  Overseer  
  52  4:32  Nydus Network  
  52  4:36  Drone x3  
  54  4:44  Roach  
  54  4:45  Roach x4  
  64  4:55  Roach x2  
  64  4:59  Roach x3  
  74  5:10  Overseer, Roach  
  74  5:13  Nydus Canal  
  76  5:15  Overlord  
  76  5:21  Overlord  
  76  5:32  Roach  
  76  5:35  Nydus Canal  
  76  5:37  Overseer  
  76  5:38  Roach x4  
  84  5:45  Overseer  
  84  5:48  Roach x5  
  92  5:50  Nydus Canal  
  92  5:56  Roach x4  
  92  5:59  Zerg Missile Weapons Level 2  
  92  6:02  Hatchery  
  91  6:05  Overseer  
  91  6:08  Nydus Canal  
  91  6:14  Overlord x5  
  91  6:21  Overseer  
  91  6:25  Nydus Canal  
  87  6:46  Nydus Canal  
  87  6:49  Roach x7  
  87  6:51  Overseer  
  101  6:57  Spire  
  101  6:58  Roach x7  
  101  6:59  Nydus Canal  
  112  7:10  Drone x2  
  114  7:22  Extractor  
  115  7:23  Roach x4  
  115  7:24  Overlord x2  
  115  7:26  Extractor  
  115  7:28  Drone  
  121  7:36  Nydus Canal  
  121  7:52  Overseer  
  117  8:08  Mutalisk  
  117  8:09  Mutalisk x5  
  129  8:13  Spine Crawler x2  
  129  8:14  Spine Crawler x2  
  129  8:15  Nydus Canal  
  125  8:21  Drone x5  
  125  8:22  Overlord x4  
  130  8:27  Zerg Flyer Weapons Level 1  
  130  8:37  Overlord  
  130  8:38  Overlord  
  130  8:42  Mutalisk x2  
  134  8:53  Nydus Canal  
  134  9:00  Mutalisk x5  
  144  9:12  Mutalisk  
  144  9:13  Mutalisk  
  144  9:14  Overlord  
  148  9:30  Mutalisk x3  
  154  9:33  Nydus Canal  
  144  9:45  Nydus Canal  
  132  9:50  Mutalisk x2  
  132  10:00  Roach Warren  
  132  10:06  Drone x10  
  140  10:08  Overseer  
  140  10:11  Drone x8  
  144  10:20  Nydus Canal  
  144  10:29  Spore Crawler  
  143  10:37  Hatchery  
  143  10:38  Nydus Canal  
  143  10:42  Mutalisk x3  
  142  10:43  Mutalisk  
  150  10:50  Zerg Flyer Armor Level 1  
  150  11:05  Roach x2  
  138  11:21  Mutalisk x7  
  108  11:43  Mutalisk x3  
  108  12:00  Mutalisk x3  
  114  12:05  Overlord x2  
  114  12:06  Queen x4  
  114  12:07  Extractor  
  114  12:08  Extractor  
  120  12:13  Mutalisk x2  
  124  12:19  Spore Crawler  
  71  12:38  Mutalisk x4  
  71  12:41  Zergling x34  
  84  12:44  Overseer  
Show
View Real Time Build Order
Export as new Build Order

GogojOey Zerg - Winner!

Build Orders: Hatch First 

Get SALT Encoding   

  12  0:01  Drone  
  13  0:13  Overlord  
  13  0:16  Drone  
  14  0:31  Drone x2  
  16  0:48  Hatchery  
  15  0:51  Drone  
  15  0:55  Drone  
  17  0:58  Drone  
  18  1:08  Extractor  
  17  1:14  Spawning Pool  
  17  1:16  Drone  
  17  1:19  Drone  
  18  1:28  Drone  
  19  1:39  Drone  
  20  1:50  Drone  
  21  2:00  Overlord  
  21  2:01  Queen x2  
  21  2:02  Drone  
  26  2:09  Metabolic Boost  
  26  2:11  Drone  
  26  2:12  Drone  
  28  2:23  Drone x2  
  30  2:33  Zergling x4  
  32  2:40  Hatchery  
  32  2:43  Overlord  
  31  2:46  Drone  
  32  2:57  Drone x2  
  34  3:02  Baneling Nest  
  34  3:05  Drone x2  
  35  3:10  Extractor  
  34  3:13  Drone x2  
  34  3:14  Drone x3  
  39  3:23  Overlord  
  39  3:25  Zergling x4  
  41  3:38  Evolution Chamber  
  41  3:39  Overlord  
  41  3:40  Drone  
  41  3:45  Drone x2  
  41  3:48  Baneling  
  43  3:49  Drone x3  
  43  3:52  Queen  
  43  3:55  Extractor  
  47  3:56  Drone, Extractor  
  47  3:57  Drone x4  
  47  4:01  Drone  
  52  4:04  Zerg Missile Weapons Level 1  
  52  4:11  Roach Warren  
  52  4:12  Drone x2  
  53  4:19  Overlord  
  53  4:21  Lair  
  53  4:26  Queen  
  53  4:27  Zergling x4  
  57  4:37  Overlord  
  57  4:38  Overlord  
  57  4:41  Zergling x8  
  61  4:54  Roach x6  
  61  4:59  Roach x3  
  79  5:11  Overlord  
  79  5:13  Drone, Roach  
  79  5:14  Roach x4  
  90  5:20  Overlord  
  90  5:21  Overlord  
  90  5:24  Spine Crawler  
  90  5:28  Roach  
  90  5:32  Roach x2  
  90  5:33  Roach  
  92  5:38  Roach x3  
  90  5:50  Drone x2  
  90  5:57  Roach x5  
  100  5:58  Drone x2  
  102  6:04  Drone  
  102  6:06  Glial Reconstitution  
  102  6:10  Drone x3  
  106  6:15  Overlord  
  106  6:16  Drone x2  
  108  6:18  Extractor  
  108  6:22  Queen  
  108  6:23  Drone x2  
  108  6:24  Roach  
  113  6:31  Overlord  
  113  6:32  Overlord  
  113  6:38  Overlord  
  112  6:40  Roach x3  
  112  6:41  Roach  
  120  6:52  Roach x6  
  132  6:55  Drone  
  133  7:05  Zerg Missile Weapons Level 2  
  133  7:07  Overlord  
  133  7:08  Drone x2  
  135  7:12  Roach x2  
  139  7:18  Extractor  
  139  7:20  Drone x4  
  142  7:23  Drone  
  142  7:29  Roach x5  
  153  7:37  Overlord  
  153  7:38  Overlord x2  
  153  7:49  Overlord x2  
  153  7:54  Overlord  
  153  7:55  Extractor, Overlord x2  
  153  7:56  Spire  
  153  7:57  Overlord  
  151  7:59  Overseer  
  151  8:06  Roach x5  
  151  8:11  Roach x2  
  165  8:14  Roach x2  
  165  8:15  Hatchery  
  168  8:26  Drone x2  
  168  8:27  Roach x6  
  182  8:35  Zergling x4  
  182  8:37  Drone x2  
  186  8:45  Overlord x2  
  186  8:50  Overlord x3  
  186  8:58  Overlord  
  186  9:04  Queen x3  
  186  9:08  Mutalisk x3  
  198  9:11  Mutalisk  
  198  9:15  Mutalisk  
  200  9:21  Mutalisk  
  200  9:23  Zerg Flyer Armor Level 1  
  188  9:39  Mutalisk x4  
  179  9:46  Zerg Melee Weapons Level 1  
  179  9:47  Mutalisk  
  179  9:49  Zergling x24  
  189  9:54  Mutalisk  
  160  10:07  Mutalisk x2  
  146  10:16  Mutalisk  
  146  10:18  Zergling x16  
  146  10:19  Extractor  
  151  10:23  Extractor  
  151  10:26  Mutalisk  
  151  10:27  Mutalisk  
  148  10:33  Mutalisk  
  148  10:34  Hatchery  
  148  10:35  Zergling x8  
  146  10:40  Mutalisk  
  133  10:42  Zergling x4  
  133  10:43  Zergling x6  
  134  10:58  Overlord x2  
  134  11:02  Mutalisk x4  
  139  11:13  Mutalisk x2  
  123  11:19  Mutalisk  
  123  11:25  Mutalisk  
  113  11:32  Mutalisk  
  101  11:34  Zergling x18  
  101  11:38  Mutalisk  
  110  11:47  Hatchery, Mutalisk  
  110  11:49  Zergling x12  
  110  11:50  Extractor  
  110  11:53  Queen  
  118  11:54  Queen  
  118  11:58  Mutalisk  
  122  12:03  Mutalisk x2  
  126  12:10  Mutalisk  
  126  12:12  Zergling x8  
  132  12:21  Mutalisk x2  
  134  12:23  Zergling x6  
  134  12:29  Mutalisk  
  122  12:38  Mutalisk  
  122  12:39  Zergling x8  
  126  12:46  Queen  
  126  12:48  Mutalisk x2  
Tags
 
Add a new tag
Caveats
  • Supply blocks, unpowered buildings, or Contaminate may cause inaccurate times.
  • Supply counts are checked every 10 seconds.